Map: Fracture LE

Players

Barbaro

  • Race: Zerg Zerg
  • League: Platinum
  • Spawn Location: 11:00

MastaKilla - Winner!

  • Race: Protoss Protoss
  • League: Gold
  • Spawn Location: 5:00

VOD

Have the link to the VOD?

Description

gold 2 league meme game - opponent is a bad scout, cannon contain to mass void ninja base abuses that

Time

  • Played on: Nov. 13, 2018, 11:20 a.m.
  • Length: 14:43
Show
View Real Time Build Order
Export as new Build Order

Barbaro Zerg 

Build Orders: Pool First 

Get SALT Encoding   

  12  0:03  Drone  
  13  0:09  Drone  
  14  0:32  Extractor  
  14  0:35  Drone  
  14  0:36  Spawning Pool  
  14  0:41  Drone  
  14  1:28  Hatchery  
  13  1:36  Overlord  
  13  1:50  Queen  
  14  2:14  Drone x2  
  14  2:15  Spine Crawler, Drone  
  16  2:45  Roach Warren  
  15  3:19  Drone x2  
  18  3:20  Drone  
  18  3:24  Queen  
  20  3:30  Extractor  
  20  3:33  Overlord  
  19  3:49  Spine Crawler  
  19  3:50  Spine Crawler  
  17  4:01  Lair  
  13  4:48  Roach  
  13  4:49  Roach x4  
  23  5:18  Drone x3  
  26  5:24  Spore Crawler  
  26  5:25  Queen  
  27  5:53  Hatchery  
  26  6:06  Drone x3  
  29  6:30  Drone  
  30  6:36  Overlord  
  30  6:47  Hydralisk Den  
  29  6:58  Drone x3  
  32  7:11  Hatchery  
  32  7:13  Drone x2  
  32  7:14  Drone  
  34  7:18  Grooved Spines  
  34  7:23  Queen  
  34  7:28  Drone  
  34  7:29  Drone x3  
  40  7:38  Queen  
  42  7:46  Drone x2  
  44  7:53  Overlord  
  44  7:59  Pneumatized Carapace  
  44  8:02  Overlord  
  44  8:11  Drone  
  44  8:12  Drone x3  
  48  8:38  Extractor  
  47  8:57  Hydralisk x9  
  47  8:59  Extractor  
  64  9:04  Muscular Augments  
  64  9:14  Evolution Chamber  
  63  9:19  Drone  
  63  9:21  Evolution Chamber  
  63  9:26  Overseer  
  57  9:31  Hydralisk  
  57  9:32  Hydralisk x3  
  63  9:43  Queen  
  65  10:10  Overlord x2  
  65  10:20  Overlord  
  65  10:21  Overlord x2  
  65  10:24  Zerg Missile Weapons Level 1  
  65  10:25  Zerg Ground Armor Level 1  
  65  10:44  Extractor  
  65  10:45  Extractor, Drone  
  65  10:46  Drone x3  
  67  10:50  Drone  
  67  10:51  Drone x5  
  68  11:28  Hydralisk  
  68  11:29  Hydralisk x7  
  83  12:03  Hatchery  
  82  12:15  Hatchery  
  81  12:28  Hydralisk x2  
  85  12:31  Overlord  
  85  13:19  Drone x4  
  84  14:00  Hatchery  
  83  14:09  Hatchery  
  82  14:18  Drone  
  82  14:19  Drone x2  
Show
View Real Time Build Order
Export as new Build Order

MastaKilla Protoss - Winner!

Build Orders: Cannon Rush 

Get SALT Encoding   

  12  0:10  Pylon  
  12  0:13  Probe  
  13  0:25  Probe  
  14  0:33  Forge  
  14  0:51  Pylon  
  14  1:11  Photon Cannon  
  14  1:13  Photon Cannon  
  14  1:29  Pylon  
  14  1:31  Pylon  
  14  1:36  Pylon  
  14  1:46  Pylon  
  14  1:54  Photon Cannon  
  14  2:08  Photon Cannon  
  14  2:18  Photon Cannon  
  14  2:25  Photon Cannon  
  14  2:50  Gateway  
  14  3:16  Nexus  
  14  3:17  Probe  
  15  3:39  Pylon  
  15  3:54  Probe  
  15  4:02  Probe  
  16  4:03  Assimilator  
  16  4:05  Assimilator  
  17  4:11  Cybernetics Core  
  17  4:25  Probe  
  18  4:34  Probe  
  19  4:39  Zealot  
  19  4:42  Probe  
  21  4:46  Photon Cannon  
  21  4:48  Probe  
  23  4:56  Probe  
  23  5:02  Probe  
  23  5:05  Probe  
  25  5:13  Pylon  
  26  5:14  Probe  
  26  5:17  Probe  
  28  5:27  Probe  
  29  5:30  Probe  
  30  5:35  Stargate  
  30  5:42  Stalker  
  30  5:48  Shield Battery  
  30  5:49  Protoss Air Weapons Level 1  
  32  5:50  Probe  
  32  5:53  Probe  
  34  6:02  Probe  
  34  6:03  Probe  
  35  6:08  Void Ray  
  35  6:11  Probe  
  37  6:19  Probe  
  42  6:28  Assimilator  
  42  6:31  Probe x2  
  44  6:43  Probe  
  44  6:44  Probe, Void Ray  
  50  6:55  Probe  
  51  7:01  Stargate  
  51  7:06  Pylon  
  51  7:07  Assimilator  
  51  7:08  Probe  
  52  7:17  Probe  
  53  7:25  Probe  
  53  7:26  Void Ray  
  54  7:34  Probe  
  58  7:43  Protoss Air Armor Level 1  
  59  7:48  Pylon  
  59  7:49  Shield Battery  
  59  7:51  Probe  
  59  7:58  Void Ray  
  60  8:01  Void Ray  
  60  8:03  Probe  
  61  8:12  Pylon  
  69  8:17  Probe  
  70  8:30  Probe  
  71  8:38  Void Ray  
  75  8:42  Probe  
  76  8:51  Nexus  
  76  8:55  Probe, Pylon  
  77  9:07  Probe  
  78  9:13  Void Ray  
  82  9:23  Void Ray  
  86  9:27  Pylon  
  86  9:37  Pylon  
  86  9:52  Void Ray  
  86  9:59  Void Ray  
  90  10:10  Stargate  
  90  10:17  Probe  
  90  10:18  Photon Cannon  
  90  10:19  Photon Cannon  
  91  10:22  Photon Cannon  
  91  10:24  Photon Cannon  
  91  10:26  Probe  
  91  10:29  Void Ray  
  91  10:35  Probe  
  97  10:43  Pylon  
  97  10:44  Void Ray  
  97  10:47  Probe  
  98  11:04  Photon Cannon  
  98  11:05  Photon Cannon  
  98  11:08  Photon Cannon  
  98  11:10  Photon Cannon  
  98  11:12  Shield Battery  
  98  11:35  Pylon  
  98  11:38  Pylon  
  94  11:40  Pylon  
  94  11:42  Pylon  
  94  11:43  Void Ray x2  
  94  11:45  Pylon, Void Ray  
  106  12:09  Shield Battery  
  106  12:12  Photon Cannon, Shield Battery  
  106  12:13  Photon Cannon, Shield Battery  
  106  12:16  Void Ray x2  
  106  12:18  Void Ray, Shield Battery  
  106  12:20  Shield Battery  
  106  12:23  Pylon  
  118  12:49  Fleet Beacon  
  118  13:07  Void Ray  
  118  13:08  Void Ray  
  118  13:09  Void Ray  
  126  13:50  Void Ray  
  126  13:51  Void Ray x2  
Tags
 
Add a new tag
Caveats
  • Supply blocks, unpowered buildings, or Contaminate may cause inaccurate times.
  • Supply counts are checked every 10 seconds.